 Dungeon Crawl Stone Soup version 0.26.1-11-gd32895ea62 (webtiles) character file.

Game seed: 17146370959068034650

10059 DildoBatman the Dealer of Despair (level 11, 0/79 HPs)
             Began as a Formicid Conjurer on July 23, 2021.
             Was an Elder of Kikubaaqudgha.
             Slain by a ghost moth (shapeshifter) (1 damage)
             ... on level 13 of the Dungeon.
             The game lasted 00:40:41 (10131 turns).

DildoBatman the Dealer of Despair (FoCj)           Turns: 10131, Time: 00:40:41

Health: 0/79       AC:  9    Str:  8      XL:     11   Next: 85%
Magic:  0/21       EV: 12    Int: 28 (29) God:    Kikubaaqudgha [****..]
Gold:   632        SH:  7    Dex: 28      Spells: 7/24 levels left

rFire    + . .     SeeInvis +   a - +11 spear "Lausot" {drain, rF+ rC- Dex+10}
rCold    x . .     Faith    .   n - +0 buckler
rNeg     . . .     Spirit   .   i - +1 ring mail of Mezcal {rPois Str-3 Int+4 Stlth+}
rPois    +         Reflect  .   (helmet unavailable)
rElec    .         Harm     .   A - +1 cloak
rCorr    .         Rampage  .   (no gloves)
Will     +....                  (no boots)
Stlth    +++.......             (no amulet)
HPRegen  0.23/turn              H - +6 ring of intelligence
MPRegen  0.17/turn              g - +6 ring of dexterity

@: no status effects
A: permanent stasis, dig shafts and tunnels, four strong arms, antennae 3
a: Dig, Shaft Self, Renounce Religion, Receive Corpses


You were on level 13 of the Dungeon.
You worshipped Kikubaaqudgha.
Kikubaaqudgha was greatly pleased with you.
You visited 2 branches of the dungeon, and saw 13 of its levels.

You collected 632 gold pieces.

Inventory:

Hand Weapons
 a - the +11 spear "Lausot" (weapon) {drain, rF+ rC- Dex+10}
   (You took it off an orc warrior on level 5 of the Dungeon)

   A truly terrible weapon, it drains the life of those it strikes.
   It affects your dexterity (+10).
   It protects you from fire.
   It makes you vulnerable to cold.
 b - a +8 quarterstaff
 c - a +0 shortbow of freezing
Missiles
 f - 4 silver boomerangs
 j - 480 stones
 k - 54 bolts
 q - 4 atropa-tipped darts
 u - 161 arrows
 w - 6 boomerangs of dispersal
 I - 25 poisoned darts
 P - 10 boomerangs
 S - 37 sling bullets
Armour
 d - a scarf of resistance
 i - the +1 ring mail of Mezcal (worn) {rPois Str-3 Int+4 Stlth+}
   (You found it on level 5 of the Dungeon)

   It affects your strength (-3).
   It affects your intelligence (+4).
   It protects you from poison.
   It makes you more stealthy.
 n - a +0 buckler (worn)
 p - the +0 chain mail "Omizypt" {Rampage rC+ rCorr Str+3}
   (You took it off an orc warrior on level 5 of the Dungeon)

   It affects your strength (+3).
   It protects you from cold.
   It provides partial protection from all sources of acid and corrosion.
   It bestows one free step when moving towards enemies.
 A - a +1 cloak (worn)
Magical Staves
 y - an uncursed staff of poison
 W - an uncursed staff of conjuration
Jewellery
 g - a +6 ring of dexterity (right hand)
 h - a +4 ring of evasion
 H - a +6 ring of intelligence (left hand)
 J - an uncursed ring of ice
Wands
 C - a wand of iceblast (15)
 K - a wand of acid (7)
 N - a wand of flame (43)
Scrolls
 m - 5 scrolls of enchant armour
 s - 2 scrolls of enchant weapon
 x - 8 scrolls of remove curse
 z - a scroll of identify
 F - a scroll of random uselessness {unknown}
 O - 2 scrolls of amnesia
 R - 2 scrolls of fear
 T - a scroll of silence {unknown}
Potions
 e - 2 potions of degeneration {unknown}
 l - 4 potions of brilliance
 o - 2 potions of cancellation
 r - 5 potions of curing
 t - 3 potions of ambrosia
 B - 3 potions of heal wounds
 D - 2 potions of flight
 E - 4 potions of lignification
 G - a potion of mutation {unknown}
 L - a potion of attraction {unknown}
 M - a potion of might {unknown}
Miscellaneous
 Q - a box of beasts


   Skills:
 - Level 5.0 Fighting
 - Level 5.0 Armour
 - Level 3.0 Dodging
 - Level 2.4 Stealth
 - Level 3.0 Shields
 - Level 7.0 Spellcasting
 - Level 6.0 Conjurations
 - Level 10.9 Necromancy
 * Level 9.8 Earth Magic


You had 7 spell levels left.
You knew the following spells:

 Your Spells              Type           Power        Failure   Level
a - Borgnjor's Vile Clut  Necr/Erth      31%          6%          5
c - Searing Ray           Conj           86%          1%          2
d - Vampiric Draining     Necr           31%          1%          3
f - Magic Dart            Conj           100%         1%          1
h - Dispel Undead         Necr           63%          1%          4
z - Sublimation of Blood  Necr           31%          1%          2

Your spell library contained the following spells:

 Spells                   Type           Power        Failure   Level
 Pain                     Necr           100%         1%          1
 Sandblast                Erth           100%         1%          1
 Stone Arrow              Conj/Erth      100%         1%          3
 Animate Dead             Necr           31%          1%          4
 Corpse Rot               Necr/Air       N/A          2%          2
 Passwall                 Tmut/Erth      30%          3%          2
 Shock                    Conj/Air       100%         4%          1
 Agony                    Necr           63%          4%          5
 Excruciating Wounds      Necr           31%          4%          5
 Lee's Rapid Deconstruct  Erth           30%          8%          5
 Dazzling Flash           Conj/Hex       52%          13%         3
 Static Discharge         Conj/Air       26%          13%         3
 Summon Small Mammal      Summ           36%          16%         1
 Petrify                  Tmut/Erth      37%          21%         4
 Call Imp                 Summ           9%           22%         2
 Call Canine Familiar     Summ           9%           41%         3
 Summon Guardian Golem    Hex/Summ       9%           41%         3
 Fulminant Prism          Conj/Hex       13%          41%         4
 Iskenderun's Mystic Bla  Conj/Tloc      26%          41%         4
 Lightning Bolt           Conj/Air       13%          77%         5
 Airstrike                Air            4%           83%         4
 Summon Ice Beast         Ice/Summ       9%           83%         4
 Summon Lightning Spire   Summ/Air       9%           83%         4
 Swiftness                Air            Unusable     N/A         2

Dungeon Overview and Level Annotations

Branches:
Dungeon (13/15)            Temple (1/1) D:5            Lair (0/6) D:9
    Orc: D:9-12      Vaults: D:13-14

Altars:
Ashenzari
Cheibriados
Dithmenos
Elyvilon
Fedhas
Gozag
Hepliaklqana
Kikubaaqudgha
Makhleb
Nemelex Xobeh
Okawaru
Qazlal
Ru
Sif Muna
Trog
Uskayaw
Vehumet
Wu Jian
Xom
Yredelemnul
Zin
The Shining One
Beogh

Shops:
D:4 =   D:6 :   D:8 *   D:10 ?

Annotations:
D:11 kalagan's ghost, journeyman DECj
D:13 exclusion: harpy


Innate Abilities, Weirdness & Mutations

You cannot be hasted, slowed, berserked, paralysed or teleported.
You can dig through walls and to a lower floor.
Your four strong arms can wield two-handed weapons with a shield.
You have a pair of large antennae on your head. (SInv)


Message History

The ghost moth hits you! You block the ghost moth's attack. x2
You hit the ghost moth. You drain the ghost moth.
The ghost moth is lightly wounded.
The ghost moth hits you! You block the ghost moth's attack.
The ghost moth stings you.
You completely miss the ghost moth.
The ghost moth is lightly wounded.
The ghost moth stares at you.
You feel your power leaking away. The ghost moth hits you!
You feel dopey. The ghost moth closely misses you. The ghost moth stings you.
The ghost moth hits you! The ghost moth hits you.
You die...
Kikubaaqudgha rasps: "You have failed me!
Welcome... death!"

.##.##....##..$.....O... ..#
..........#.###./# ##.. ..#
.....#..#..##....# ..! #.# {
#.............###.#.###.#{{
#.....).......##..#...#.#{
##....).).........# #...#{{
#...).)...........#####..#
#...#................###.###
#.###......@y.....##...>..(.
#.. #..............##.####.#
#. ##...............###.#..
. #.......)....#)###.##.#
..................##.###.#
.................))..[)...
...........................
...........................
...........................


You could see a ghost moth (invisible, drained).

Vanquished Creatures
  2 two-headed ogres
  An unseen horror (D:13)
  The ghost of Almogavar the Cleaver, a novice HOFi of Okawaru (D:5)
  A manticore (D:13)
  Maurice (D:8)
  Joseph (D:9)
  A centaur skeleton (D:13)
  A troll (D:10)
  A spriggan (D:10)
  A shadow (D:13)
  A wraith (D:13)
  Eustachio (D:4)
  3 yaks (D:11)
  2 water moccasins
  5 ice beasts
  7 orc warriors
  2 sky beasts (D:10)
  A phantom (D:7)
  7 ogres
  5 centaurs
  A big kobold (D:13)
  3 bullfrogs
  A wyvern zombie (D:8)
  2 scorpions
  9 wights (D:10)
  5 killer bees (D:8)
  A howler monkey (D:4)
  5 electric eels
  2 bullfrog zombies
  A jelly (D:8)
  A bullfrog skeleton (D:13)
  9 orc priests
  3 hounds
  11 orc wizards
  6 iguanas
  6 worker ants
  A hound zombie (D:2)
  A worker ant zombie (D:6)
  3 gnolls (D:4)
  A howler monkey skeleton (D:7)
  8 adders
  2 shadow imps
  4 white imps
  An ufetubus (D:6)
  3 oozes
  2 adder skeletons
  An adder zombie (D:8)
  6 worms
  6 dart slugs
  6 leopard geckos
  56 orcs
  A ball python (D:2)
  7 giant cockroaches
  8 goblins
  4 hobgoblins
  4 jackals (D:10)
  9 bats
  3 frilled lizards
  A jackal skeleton (D:7)
  12 kobolds
  A leopard gecko zombie (D:5)
  A quokka skeleton (D:4)
  A quokka zombie (D:5)
  9 rats
273 creatures vanquished.

Vanquished Creatures (others)
  23 plants
23 creatures vanquished.

Grand Total: 296 creatures vanquished

Notes
Turn   | Place    | Note
-------+----------+-------------------------------------------
     0 | D:1      | DildoBatman the Formicid Conjurer began the quest for the
                  | Orb.
     0 | D:1      | Reached XP level 1. HP: 13/13 MP: 3/3
   297 | D:1      | Reached XP level 2. HP: 14/19 MP: 1/5
   303 | D:1      | Learned a level 2 spell: Searing Ray
   698 | D:1      | Reached XP level 3. HP: 24/24 MP: 0/6
   943 | D:2      | Reached XP level 4. HP: 30/30 MP: 3/7
  1137 | D:2      | Found an iron altar of Okawaru.
  1218 | D:2      | Reached skill level 5 in Conjurations
  1542 | D:2      | Reached XP level 5. HP: 35/35 MP: 2/8
  1794 | D:2      | Noticed an ice beast
  1869 | D:2      | Killed an ice beast
  1870 | D:2      | Reached XP level 6. HP: 21/42 MP: 3/9
  2020 | D:3      | Reached skill level 1 in Fighting
  2020 | D:3      | Reached skill level 1 in Armour
  2140 | D:3      | Found a shimmering blue altar of Sif Muna.
  2582 | D:4      | Reached XP level 7. HP: 50/50 MP: 4/12
  2753 | D:4      | Found a glowing golden altar of the Shining One.
  2766 | D:4      | Found an opulent altar of Gozag.
  2797 | D:4      | Found a transporter.
  2876 | D:4      | Found a bloodstained altar of Trog.
  3010 | D:5      | Entered Level 5 of the Dungeon
  3037 | D:5      | Found a staircase to the Ecumenical Temple.
  3047 | Temple   | Entered the Ecumenical Temple
  3283 | D:5      | Reached skill level 5 in Spellcasting
  3307 | D:5      | Found a glowing silver altar of Zin.
  3336 | D:5      | Found an ancient bone altar of Kikubaaqudgha.
  3344 | D:5      | Became a worshipper of Kikubaaqudgha
  3521 | D:4      | Noticed Eustachio
  3542 | D:4      | Reached XP level 8. HP: 42/56 MP: 10/17
  3562 | D:4      | Killed Eustachio
  3771 | D:4      | Reached skill level 1 in Necromancy
  3788 | D:4      | Found a transporter.
  3903 | D:4      | Found Tipiasti's Jewellery Shop.
  4097 | D:4      | Reached * piety under Kikubaaqudgha
  4097 | D:4      | Identified Kikubaaqudgha's Reference Book on Black Rituals
                  | (Kikubaaqudgha gifted it to you on level 4 of the Dungeon)
  4097 | D:4      | Received a gift from Kikubaaqudgha
  4102 | D:4      | Learned a level 2 spell: Sublimation of Blood
  4106 | D:4      | Learned a level 3 spell: Vampiric Draining
  4308 | D:5      | Found a runed translucent gate.
  4311 | D:5      | Found a runed translucent gate.
  4312 | D:5      | Found a runed translucent gate.
  4319 | D:5      | Noticed Almogavar's ghost (novice HOFi)
  4321 | D:5      | Identified the +11 spear "Lausot" {drain, rF+ rC- Dex+10}
  4321 | D:5      | Identified the +0 chain mail "Omizypt" {Rampage rC+ rCorr
                  | Str+3}
  4321 | D:5      | Identified the +1 ring mail of Mezcal {rPois Str-3 Int+4
                  | Stlth+}
  4540 | D:5      | Reached skill level 2 in Necromancy
  4563 | D:5      | Found a broken altar of Ashenzari.
  4684 | D:5      | Found a roughly hewn altar of Beogh.
  4860 | D:6      | Reached skill level 3 in Necromancy
  4894 | D:6      | Reached skill level 4 in Necromancy
  4966 | D:6      | Reached skill level 5 in Necromancy
  4968 | D:6      | Reached XP level 9. HP: 61/61 MP: 2/19
  4977 | D:6      | Found Ybicsed's Book Shop.
  5441 | D:7      | Reached skill level 6 in Necromancy
  5617 | D:7      | Found a snail-covered altar of Cheibriados.
  5839 | D:7      | Reached skill level 7 in Necromancy
  6155 | D:7      | Reached skill level 8 in Necromancy
  6184 | D:8      | Reached ** piety under Kikubaaqudgha
  6196 | D:8      | Noticed Maurice
  6204 | D:8      | Killed Maurice
  6205 | D:8      | Reached skill level 9 in Necromancy
  6271 | D:8      | Found Ysujezomn's Demolitions Depot.
  6366 | D:8      | Reached XP level 10. HP: 69/69 MP: 14/20
  6553 | D:8      | Noticed a two-headed ogre
  7402 | D:7      | Killed a two-headed ogre
  7403 | D:7      | Reached skill level 5 in Fighting
  7403 | D:7      | Reached skill level 5 in Armour
  7576 | D:9      | Got a bloodstained spear
  7577 | D:9      | Identified the +4 spear "Fiummuill" {vorpal, Dex+2} (You
                  | found it on level 9 of the Dungeon)
  7624 | D:9      | Noticed Joseph
  7642 | D:9      | Killed Joseph
  7711 | D:9      | Reached skill level 10 in Necromancy
  7794 | D:9      | Found a staircase to the Lair.
  7854 | D:9      | Found a radiant altar of Vehumet.
  8231 | D:10     | Entered Level 10 of the Dungeon
  8468 | D:10     | Found Muuheb's Magic Scroll Shoppe.
  8570 | D:10     | Reached *** piety under Kikubaaqudgha
  8570 | D:10     | Identified Kikubaaqudgha's Reference Book on Stolen Souls
                  | (Kikubaaqudgha gifted it to you on level 10 of the Dungeon)
  8570 | D:10     | Received a gift from Kikubaaqudgha
  8577 | D:10     | Reached XP level 11. HP: 78/79 MP: 12/21
  8588 | D:10     | Learned a level 4 spell: Dispel Undead
  8594 | D:10     | Learned a level 5 spell: Borgnjor's Vile Clutch
  9179 | D:5      | Reached skill level 5 in Earth Magic
  9181 | D:5      | Killed Almogavar's ghost
  9661 | D:11     | Noticed a cyclops
  9675 | D:11     | Noticed kalagan's ghost (journeyman DECj)
  9679 | D:11     | Noticed a minotaur
  9683 | D:11     | You fall into a shaft and drop 2 floors!
  9775 | D:13     | Noticed a manticore
  9793 | D:13     | Noticed a harpy
  9815 | D:13     | Killed a manticore
  9846 | D:13     | Reached **** piety under Kikubaaqudgha
  9930 | D:13     | Noticed a two-headed ogre
  9935 | D:13     | Reached skill level 1 in Shields
  9940 | D:13     | Killed a two-headed ogre
 10066 | D:13     | Noticed an unseen horror
 10080 | D:13     | Killed an unseen horror
 10120 | D:13     | Noticed a ghost moth
 10131 | D:13     | HP: 1/79 [ghost moth (shapeshifter) (11)]
 10131 | D:13     | Slain by a ghost moth (shapeshifter)

Illustrated notes

Levels and vault maps discovered:
D:1:      lightli_arrival_flooded_house, layout_rooms
D:2:      layout_loops_corners, okawaru_gym_becter
D:3:      layout_rooms, marbit_many_paths
D:4:      gammafunk_steamed_eel, layout_basic, kennysheep_mini_moat,
          kennysheep_little_box, serial_shops, nicolae_shop_trees,
          serial_forest, infiniplex_forest_lined_room_2,
          infiniplex_forest_clump_long, infiniplex_forest_clump_double,
          infiniplex_forest_join, infiniplex_forest_end_double, tso_metal_star,
          uniq_eustachio
D:5:      layout_cave_pools, nicolae_overflow_crystal_walls, zin_statuary,
          evilmike_ruin_ashenzari, minmay_temple_entry_grid,
          biasface_ghost_orc_armoury
D:6:      layout_basic, serial_shops, nicolae_shop_statue_plus
D:7:      layout_basic, lemuel_doored_altar
D:8:      layout_loops_ring, nicolae_blasting_shop, uniq_maurice
D:9:      layout_loops_ring, lemuel_coloured_pillars_altar, lair_entry_dummy,
          uniq_joseph
D:10:     layout_roguey, serial_shops, shop, the_bakery
D:11:     layout_basic, minmay_orc_entry_temple_small,
          maelrawn_ghost_gauntlet_escape, chequers_serial_rivers_marsh,
          serial_bayou_lagoon_a, minivault_15, minmay_statue_bubble
D:13:     layout_rooms, david_vaults_4, serial_shops, nicolae_shop_stone
Temple:   nicolae_temple_figure_eight

Skill      XL: |  1  2  3  4  5  6  7  8  9 10 11 |
---------------+----------------------------------+-----
Conjurations   | 4 5 6 |  6.0
Fighting       | 2 5 |  5.0
Armour         | 2 5 |  5.0
Spellcasting   | 3 6 7 |  7.0
Necromancy     | 5 9 10 | 10.9
Dodging        | 2 3 |  3.0
Earth Magic    | 9 |  9.8
Shields        | 3 |  3.0
Stealth        | |  2.4

Action                   |  1- 3 |  4- 6 |  7- 9 | 10-12 || total
-------------------------+-------+-------+-------+-------++-------
Melee: Unarmed           |    15 |       |       |       ||    15
       Dagger            |     7 |       |    20 |       ||    27
       Short sword       |     2 |    22 |    11 |       ||    35
       Falchion          |       |       |     7 |       ||     7
       Flail             |       |       |     3 |    11 ||    14
       Spear             |       |       |       |    69 ||    69
       Quarterstaff      |       |       |       |     3 ||     3
 Fire: Shortbow          |       |    17 |       |    13 ||    30
 Cast: Magic Dart        |    33 |    10 |     4 |    13 ||    60
       Searing Ray       |     7 |    29 |    64 |    48 ||   148
       Vampiric Draining |       |       |       |    16 ||    16
       Sublimation of Bl |       |       |       |     3 ||     3
       Borgnjor's Vile C |       |       |       |    16 ||    16
       Dispel Undead     |       |       |       |     5 ||     5
 Abil: Dig               |     4 |     1 |    33 |    41 ||    79
       Shaft Self        |       |       |       |     1 ||     1
  Use: Scroll            |       |       |     8 |    13 ||    21
 Stab: Distracted        |     1 |       |       |       ||     1
       Sleeping          |       |     2 |       |       ||     2
Armor: Robe              |     3 |     9 |    13 |    14 ||    39
       Leather armour    |       |       |     6 |     1 ||     7
       Ring mail         |       |       |       |    16 ||    16
Dodge: Dodged            |    28 |    38 |    70 |   103 ||   239
Block: Buckler           |       |       |       |     7 ||     7
       Rpst.: Falchion   |       |       |     4 |       ||     4
       Long sword        |       |       |       |     2 ||     2
